 Dungeon Crawl Stone Soup version 0.30.1-11-g7821555f0a (webtiles) character file.

Game seed: 6474354223310928760

533 CaptainBlack the Chopper (level 7, -3/59 HPs)
             Began as a Meteoran Fighter on Nov 4, 2023.
             Slain by an ice beast (9 damage)
             ... on level 7 of the Dungeon.
             The game lasted 00:08:00 (2148 turns).

CaptainBlack the Chopper (Meteoran Fighter)         Turns: 2148, Time: 00:08:01

Health: -3/59      AC:  7    Str: 17    XL:     7   Next: 79%
Magic:  11/11      EV: 10    Int: 11    God:
Gold:   137        SH:  7    Dex: 15    Spells: 10/10 levels left

rFire   . . .        a - +0 war axe
rCold   . . .        f - +2 buckler "Plog" {SInv}
rNeg    . . .        b - +0 scale mail
rPois   .            (no helmet)
rElec   .            (no cloak)
rCorr   .            (no gloves)
SInv    +            (no boots)
Will    .....        (no amulet)
Stlth   +            (no ring)
HPRegen 0.29/turn    (no ring)
MPRegen 0.12/turn

%: no passive effects
@: glowing
A: sense surroundings 1, otherworldly, glowing, explore regen
a: no special abilities


You were on level 7 of the Dungeon.
You visited 1 branch of the dungeon, and saw 5 of its levels.
You also visited: Sewer.

You collected 137 gold pieces.

Inventory:

Hand Weapons
 a - a +0 war axe (weapon)
Armour
 b - a +0 scale mail (worn)
 c - a +0 buckler
 f - the +2 buckler "Plog" (worn) {SInv}
   (You acquired it on level 3 of the Dungeon)

   SInv:      It lets you see invisible.
Wands
 k - a wand of flame (12)
Scrolls
 d - a scroll of teleportation {unknown}
 e - a scroll of vulnerability {unknown}
 i - a scroll of identify {unknown}
 j - a scroll of enchant weapon {unknown}
Potions
 g - a potion of lignification {unknown}
 h - 4 potions of degeneration {unknown}


   Skills:
 * Level 4.2 Fighting
 * Level 5.6 Axes
 * Level 4.8 Armour
 * Level 2.4 Dodging
 * Level 1.6 Stealth
 * Level 4.7 Shields
 * Level 2.2 Spellcasting
 * Level 0.6 Evocations


You had 10 spell levels left.
You didn't know any spells.
Your spell library contained the following spells:

 Spells                   Type           Power      Damage    Failure   Level
 Gell's Gravitas          Tloc           1%         N/A       98%         3
 Ignite Poison            Fire/Tmut/Pois 1%         N/A       98%         3
 Teleport Other           Tloc           1%         N/A       98%         3
 Sticky Flame             Conj/Fire      1%         2d3       100%        4
 Dispersal                Tloc           0%         N/A       100%        6
 Ignition                 Fire           0%         3d3       100%        8


Dungeon Overview and Level Annotations

Branches:
Dungeon (7/15) Zot: 1228    Sewer (visited)
 Temple: D:4-7

Altars:

Annotations:
D:7 Prince Ribbit


Innate Abilities, Weirdness & Mutations

You passively map a small area around you.
You are easily found by Zot.
You glow in the dark.
You regain HP and MP as you explore.


Message History

The jelly is heavily wounded.
You block the ice beast's attack.
Unknown command.
Aiming: Throw Flame
Press: ? - help, Shift-Dir - straight line, f/p - ice beast
Aim: an ice beast (moderately wounded, 68% to hit)
The puff of flame misses the ice beast.
The puff of flame hits the jelly!
You kill the jelly!
The ice beast closely misses you.
Unknown command.
Aiming: Throw Flame
Press: ? - help, Shift-Dir - straight line, f/p - ice beast
Aim: an ice beast (moderately wounded, 68% to hit)
The puff of flame hits the ice beast!
The ice beast melts!
The ice beast is severely wounded.
The ice beast hits you. The ice beast freezes you!
* * * LOW HITPOINT WARNING * * *
Aiming: Throw Flame
Press: ? - help, Shift-Dir - straight line, f/p - ice beast
Aim: an ice beast (severely wounded, 68% to hit)
The puff of flame hits the ice beast.
The ice beast melts!
The ice beast is severely wounded.
You block the ice beast's attack.
Prince Ribbit blinks!
Unknown command.
Aiming: Throw Flame
Press: ? - help, Shift-Dir - straight line, f/p - ice beast
Aim: an ice beast (severely wounded, 68% to hit)
The puff of flame hits the ice beast but does no damage.
The ice beast is severely wounded.
You block the ice beast's attack.
Unknown command.
Aiming: Throw Flame
Press: ? - help, Shift-Dir - straight line, f/p - ice beast
Aim: an ice beast (severely wounded, 68% to hit)
The puff of flame hits the ice beast but does no damage.
The ice beast is severely wounded.
The ice beast hits you.
* * * LOW HITPOINT WARNING * * *
The ice beast freezes you!
You die...

* .....F. ,*
, ......$##
* *,* *
.....$..# *
* ,
.J......####
, , #....#*
* #F##..# *
,* #.# #, #
#Y##* *,#.#
* #@.##
#...# * * *
##..#....# ,
##.....# ,,
* #.....# ,
* #.#...# ,,
..#...# ,
*.####...,
.. ###. ,
.#* ,


You could see Prince Ribbit and an ice beast.

Vanquished Creatures
  A water moccasin (D:3)
  A black bear (D:7)
  2 bullfrogs (Sewer)
  A jelly (D:7)
  Terence (D:2)
  Natasha (D:2)
  4 adders
  2 worms (D:2)
  A dart slug (D:2)
  12 ball pythons
  3 endoplasms
  12 giant cockroaches
  2 goblins
  6 hobgoblins
  5 jackals
  6 kobolds
  6 quokkas
  11 bats
  11 frilled lizards
  7 rats
95 creatures vanquished.

Notes
Turn   | Place    | Note
-------+----------+-------------------------------------------
     0 | D:1      | CaptainBlack the Meteoran Fighter began the quest for the
                  | Orb.
     0 | D:1      | Reached XP level 1. HP: 19/19 MP: 2/2
    48 | D:1      | Reached XP level 2. HP: 26/26 MP: 3/3
   111 | D:1      | Found a faded altar of an unknown god.
   380 | D:1      | Reached XP level 3. HP: 31/31 MP: 4/4
   452 | D:1      | Reached skill level 1 in Dodging
   473 | D:1      | Glimpsed the power of Zot.
   580 | D:2      | Reached skill level 3 in Axes
   609 | D:2      | Reached XP level 4. HP: 38/38 MP: 5/5
   648 | D:2      | Noticed Terence
   666 | D:2      | Killed Terence
   761 | D:2      | Reached skill level 1 in Stealth
   789 | D:2      | Reached XP level 5. HP: 35/45 MP: 7/7
   882 | D:2      | Noticed Natasha
   895 | D:2      | Killed Natasha
   896 | D:2      | Reached skill level 1 in Spellcasting
   919 | D:2      | Reached skill level 4 in Axes
  1039 | D:2      | Glimpsed the power of Zot.
  1064 | D:3      | Identified a scroll of acquirement
  1064 | D:3      | Acquired the +2 buckler "Plog" {SInv}
  1083 | D:3      | Noticed a water moccasin
  1095 | D:3      | Killed a water moccasin
  1096 | D:3      | Reached XP level 6. HP: 31/52 MP: 7/9
  1113 | D:3      | Found a glowing drain.
  1130 | Sewer    | Entered a sewer
  1384 | Sewer    | Reached skill level 5 in Axes
  1384 | Sewer    | Reached XP level 7. HP: 16/59 MP: 10/10
  1522 | Sewer    | Glimpsed the power of Zot.
  1569 | Sewer    | Glimpsed the power of Zot.
  2082 | D:3      | Glimpsed the power of Zot.
  2104 | D:4      | You fall into a shaft and drop 3 floors!
  2112 | D:7      | Noticed Prince Ribbit
  2148 | D:7      | Slain by an ice beast

Illustrated notes

Levels and vault maps discovered:
D:1:      minmay_arrival_shattered_statue, layout_loops_cross,
          dreamdust_ecumenical_altar_hidden_monk_grotto
D:2:      layout_loops_ring, st_stairs_4, grunt_ministairs_14, uniq_terence,
          uniq_natasha
D:3:      layout_loops_corners, cheibrodos_sewer_entry_drain
D:4:      layout_gridville, nicolae_overflows_in_rows,
          amcnicky_altar_lugonu_corruption, uniq_pikel
D:7:      layout_rooms, nicolae_ru_the_path_less_chosen, uniq_prince_ribbit1

Skill      XL: |  1  2  3  4  5  6  7 |
---------------+----------------------+-----
Dodging        | 1 2 |  2.4
Axes           | 3 4 5 |  5.6
Armour         | 4 |  4.8
Shields        | 4 |  4.7
Stealth        | 1 |  1.6
Spellcasting   | 1 2 |  2.2
Fighting       | 4 |  4.2
Evocations     | |  0.6

Action                     |  1- 3 |  4- 6 |  7- 9 || total
---------------------------+-------+-------+-------++-------
  Melee: War axe           |    90 |   156 |    45 ||   291
  Evoke: Wand              |       |       |     8 ||     8
    Use: Scroll            |       |     4 |     1 ||     5
         Potion            |       |     1 |       ||     1
 Armour: Scale mail        |    60 |    95 |    25 ||   180
  Dodge: Dodged            |    34 |    79 |    26 ||   139
  Block: Buckler           |    28 |    74 |    32 ||   134
